 Dungeon Crawl Stone Soup version 0.25-a0-316-gd28d56f9c5 (webtiles) character file.

Game seed: 16791749811237435195, levelgen mode: deterministic

289 Essalna the Poker (level 6, 0/43 HPs)
             Began as a Merfolk Skald on Dec 25, 2019.
             Was a Follower of Hepliaklqana.
             Killed by divine providence
             ... invoked by an orc priest
              (16 damage)
             ... on level 4 of the Dungeon.
             The game lasted 00:07:56 (4041 turns).

Essalna the Poker (Merfolk Skald)                   Turns: 4041, Time: 00:07:57

Health: 0/43       AC:  5    Str: 14    XL:     6   Next: 31%
Magic:  9/9        EV: 13    Int: 12    God:    Hepliaklqana [*.....]
Gold:   111        SH:  4    Dex: 13    Spells: 8/9 levels left

rFire    + . .     SeeInvis .   a - +0 spear
rCold    x . .     Gourm    .   e - +0 buckler
rNeg     . . .     Faith    .   b - +0 leather armour
rPois    .         Spirit   .   g - +0 helmet
rElec    .         Reflect  .   (no cloak)
rCorr    .         Harm     .   (no gloves)
MR       .....                  o - +0 pair of boots
Stlth    +.........             (no amulet)
HPRegen  0.14/turn              x - ring of fire
MPRegen  0.11/turn              (no ring)

@: no status effects
A: change form in water, swift swim, stealthy swim, reduced essence
a: Recall Ancestor, Ancestor Identity, Renounce Religion


You were on level 4 of the Dungeon.
You worshipped Hepliaklqana.
Hepliaklqana was aware of your devotion.
You were not hungry.

You visited 1 branch of the dungeon, and saw 4 of its levels.

You collected 111 gold pieces.

Inventory:

Hand Weapons
 a - a +0 spear (weapon)
Armour
 b - a +0 leather armour (worn)
 e - a +0 buckler (worn)
 g - a +0 helmet (worn)
 o - a +0 pair of boots (worn)
Jewellery
 x - a ring of fire (left hand)
Wands
 s - a wand of digging (6)
Scrolls
 f - 6 scrolls of identify {unknown}
 h - 4 scrolls of teleportation {unknown}
 j - a scroll of enchant weapon {unknown}
 k - 4 scrolls of remove curse {unknown}
 n - 3 scrolls of magic mapping {unknown}
 p - a scroll of fear {unknown}
 r - a scroll of enchant armour {unknown}
 y - a scroll of random uselessness {unknown}
 z - a scroll of fog {unknown}
Potions
 c - 2 potions of heal wounds
 i - 2 potions of curing
 l - a potion of ambrosia {unknown}
 m - 3 potions of mutation {unknown}
 q - a potion of resistance
 t - a potion of berserk rage {unknown}
 v - a potion of degeneration {unknown}
 w - a potion of might {unknown}
Comestibles
 d - a ration


   Skills:
 + Level 4.0 Fighting
 + Level 5.2 Polearms
 - Level 1.1 Armour
 + Level 4.8 Dodging
 + Level 2.4 Shields
 - Level 2.0 Spellcasting
 - Level 3.2 Charms


You had 8 spell levels left.
You knew the following spells:

 Your Spells              Type           Power        Failure   Level  Hunger
a - Infusion              Chrm           #...         11%         1    ##.....

Your spell library contained the following spells:

 Spells                   Type           Power        Failure   Level  Hunger
 Song of Slaying          Chrm           #.......     16%         2    ###....
 Shroud of Golubria       Chrm/Tloc      #.....       32%         2    ###....
 Regeneration             Chrm/Necr      #.........   54%         3    ####...
 Spectral Weapon          Hex/Chrm       #.......     54%         3    ####...


Dungeon Overview and Level Annotations

Branches:
Dungeon (4/15)
 Temple: D:4-7

Altars:
Ashenzari
Hepliaklqana
Uskayaw
Yredelemnul


Message History

The orc is almost dead.
The orc hits you but does no damage.
You hit the orc.
You kill the orc!
The orc priest barely misses you.
Things that are here:
a +0 trident; a +0 leather armour; an orc corpse You hit the orc priest but do no damage.
The orc priest is moderately wounded.
The orc priest barely misses you.
You hit the orc priest.
The orc priest is moderately wounded.
You block the orc priest's attack.
You closely miss the orc priest.
The orc priest is moderately wounded.
You hit the orc priest but do no damage.
The orc priest is moderately wounded.
The orc priest invokes the aid of Beogh against you.
Beogh smites you!
You die...

#.######## .#
#........#####.##
######.##........#
#.###...#..##....#
#.##.......##.##.#
#o#............... #
#@#......#..#.##..
###.###R#.#...#.....##..
..>.$.#†#.##.##.........
>.......#.#########.##..
......#.#.# ##.##.#
.##...##.## #..##.# #..
### #####.# #.# #####.#
.. #.....#


You could see the friendly Appius the ancestor and an orc priest.

Vanquished Creatures
  A crimson imp (D:3)
  An orc priest (D:3)
  Jessica (D:3)
  Terence (D:2)
  A worker ant (D:3)
  2 adders
  3 gnolls (D:3)
  A worm (D:3)
  A dart slug (D:3)
  2 leopard geckos
  7 orcs
  A giant cockroach (D:1)
  6 goblins
  8 hobgoblins
  8 jackals
  A ball python (D:1)
  A bat (D:1)
  3 frilled lizards
  3 kobolds
  3 rats
55 creatures vanquished.

Vanquished Creatures (collateral kills)
  A worker ant (D:4)
  A gnoll (D:3)
  A worm (D:3)
  An orc (D:4)
  A jackal (D:3)
  2 rats (D:3)
7 creatures vanquished.

Vanquished Creatures (others)
  An ancestor (D:3)
1 creature vanquished.

Grand Total: 63 creatures vanquished

Notes
Turn   | Place    | Note
-------+----------+-------------------------------------------
     0 | D:1      | Essalna the Merfolk Skald began the quest for the Orb.
     0 | D:1      | Reached XP level 1. HP: 16/16 MP: 3/3
    42 | D:1      | Found a shattered altar of Ashenzari.
   375 | D:1      | Reached XP level 2. HP: 23/23 MP: 5/5
   527 | D:1      | Reached skill level 1 in Armour
   792 | D:1      | Reached XP level 3. HP: 26/28 MP: 6/6
  1386 | D:2      | Noticed Terence
  1426 | D:2      | Killed Terence
  1426 | D:2      | Reached skill level 4 in Polearms
  1426 | D:2      | Reached XP level 4. HP: 35/35 MP: 7/7
  1503 | D:2      | Found a hazy altar of Hepliaklqana.
  1513 | D:2      | Became a worshipper of Hepliaklqana the Forgotten
  1557 | D:2      | Found a hide-covered altar of Uskayaw.
  2084 | D:3      | Reached skill level 1 in Shields
  2100 | D:3      | Noticed Jessica
  2103 | D:3      | Killed Jessica
  2104 | D:3      | Found a basalt altar of Yredelemnul.
  2184 | D:3      | Reached XP level 5. HP: 23/36 MP: 8/8
  3213 | D:3      | Reached skill level 5 in Polearms
  3213 | D:3      | Reached XP level 6. HP: 38/43 MP: 9/9
  3965 | D:4      | Reached * piety under Hepliaklqana
  4041 | D:4      | Killed from afar by an orc priest

Levels and vault maps discovered:
D:1:      tarquinn_simple_flora_water_a, layout_rooms, ashenzari_altar_1
D:2:      layout_basic, lemuel_round_altar, lemuel_crystal_altar, uniq_terence
D:3:      layout_basic, lemuel_coloured_pillars_altar, uniq_jessica
D:4:      layout_loops_ring, kennysheep_big_empty_room, trog_hazing_becter

Skill      XL: |  1  2  3  4  5  6 |
---------------+-------------------+-----
Dodging        | 3 4 |  4.8
Armour         | 1 |  1.1
Fighting       | 3 4 |  4.0
Polearms       | 4 5 |  5.2
Shields        | 1 2 |  2.4
Spellcasting   | |  2.0
Charms         | |  3.2

Action                   |  1- 3 |  4- 6 || total
-------------------------+-------+-------++-------
Melee: Spear             |   135 |   237 ||   372
 Cast: Infusion          |       |     3 ||     3
  Use: Potion            |     3 |     1 ||     4
 Stab: Distracted        |       |     3 ||     3
       Sleeping          |       |     1 ||     1
  Eat: Chunk             |     1 |     6 ||     7
       Ration            |       |     1 ||     1
Armor: Leather armour    |    27 |    31 ||    58
       Skin              |     6 |       ||     6
Dodge: Dodged            |    82 |    99 ||   181
Block: Buckler           |    14 |    27 ||    41

Table legend:
 A = Non-vault XP
 B = Vault XP
 C = Vault XP percentage of total XP
 D = Non-vault monster count
 E = Vault monster count
 F = Vault count percentage of total count
                 A         B        C        D         E       F
            +---------+---------+-------+---------+---------+-------
      Total |     341 |      73 |  17.6 |      60 |       2 |   3.2
            +---------+---------+-------+---------+---------+-------
        D:1 |      34 |       0 |   0.0 |      19 |       0 |   0.0
        D:2 |      21 |      36 |  63.2 |       6 |       1 |  14.3
        D:3 |     215 |      37 |  14.7 |      23 |       1 |   4.2
        D:4 |      71 |       0 |   0.0 |      12 |       0 |   0.0
            +---------+---------+-------+---------+---------+-------
